 Dungeon Crawl Stone Soup version 0.26-a0-712-ga5a9c9c9d0 (webtiles) character file.

Game seed: 5826955847117781100

30 kae the Insei (level 3, 0/20 HPs)
             Began as a Tengu Transmuter on Nov 12, 2020.
             Succumbed to a scorpion's poison
             ... on level 1 of the Dungeon.
             The game lasted 00:00:26 (1093 turns).

kae the Insei (Tengu Transmuter)                    Turns: 1093, Time: 00:00:27

Health: 0/20       AC:  2    Str: 11    XL:     3   Next: 18%
Magic:  6/7        EV: 12    Int: 13    God:
Gold:   87         SH:  0    Dex: 14    Spells: 5/6 levels left

rFire    . . .     SeeInvis .     - Unarmed
rCold    . . .     Faith    .   (no shield)
rNeg     . . .     Spirit   .   a - +0 robe
rPois    .         Reflect  .   (helmet currently unavailable)
rElec    .         Harm     .   (no cloak)
rCorr    .         Rampage  .   (no gloves)
MR       .....                  (boots unavailable)
Stlth    +.........             (no amulet)
HPRegen  0.06/turn              (no ring)
MPRegen  0.10/turn              (no ring)

@: lethally poisoned (0 -> -5), appendages
A: beak, horns 2, talons 3
a: End Transformation


You were on level 1 of the Dungeon.
You had grown temporary horns.
You visited 1 branch of the dungeon, and saw 2 of its levels.

You collected 87 gold pieces.

Inventory:

Armour
 a - a +0 robe (worn)
Jewellery
 f - an uncursed ring of protection from magic {unknown}
Scrolls
 c - a scroll of remove curse {unknown}
 d - a scroll of identify {unknown}
Potions
 b - a potion of stabbing {unknown}
 e - 2 potions of might {unknown}


   Skills:
 + Level 1.5 Fighting
 - Level 2.1 Dodging
 * Level 3.9 Unarmed Combat
 - Level 2.0 Spellcasting
 * Level 2.2 Transmutations


You had 5 spell levels left.
You knew the following spells:

 Your Spells              Type           Power        Failure   Level
a - Beastly Appendage     Tmut           #.....       11%         1

Your spell library contained the following spells:

 Spells                   Type           Power        Failure   Level
 Wereblood                Tmut           #.......     16%         2
 Spider Form              Tmut/Pois      #.........   43%         3
 Ice Form                 Ice/Tmut       #.......     85%         4
 Blade Hands              Tmut           #.........   96%         5


Dungeon Overview and Level Annotations

Branches:
Dungeon (2/15)

Altars:


Innate Abilities, Weirdness & Mutations

You have a beak for a mouth.
You have claws for feet.
You have a pair of horns on your head.


Message History

A jackal comes into view.
A hobgoblin comes into view.
The scorpion barely misses you.
Found a sedimented purple potion.
The jackal barks!
A jackal comes into view.
A kobold comes into view.
There is a stone staircase leading up here.
The scorpion stings you!
You are poisoned.
The scorpion poisons you!
You climb upwards.
You feel sick.
There is a stone staircase leading down here.
Casting: Beastly Appendage (safe; 11% risk of failure)
Confirm with . or Enter, or press ? or * to list all spells.
You grow a pair of large bovine horns.
You feel sick. The scorpion barely misses you. The scorpion stings you!
* * * LOW HITPOINT WARNING * * *
You hit the scorpion but do no damage.
You headbutt the scorpion, but do no damage.
You die...

.##............#.#
'###########.###.#
.### #.#.......#.#
...###........##.#
....#..........#.#
....#........#.#.#
....#........#...#
...##...........s#
.###..#########.@#
##...## ####
...### ####


You could see a scorpion.

Vanquished Creatures
  2 oozes (D:1)
  A dart slug (D:1)
  A leopard gecko (D:1)
  2 bats (D:1)
  2 giant cockroaches (D:1)
  4 goblins (D:1)
  A hobgoblin (D:1)
  A frilled lizard (D:1)
  2 kobolds (D:1)
  A rat (D:1)
17 creatures vanquished.

Notes
Turn   | Place    | Note
-------+----------+-------------------------------------------
     0 | D:1      | kae the Tengu Transmuter began the quest for the Orb.
     0 | D:1      | Reached XP level 1. HP: 12/12 MP: 4/4
   445 | D:1      | Reached XP level 2. HP: 11/16 MP: 4/6
   887 | D:1      | Reached XP level 3. HP: 17/20 MP: 5/7
  1084 | D:2      | Noticed a scorpion
  1092 | D:1      | HP: 1/20 [scorpion (9)]
  1093 | D:1      | Succumbed to a scorpion's poison

Illustrated notes

Levels and vault maps discovered:
D:1:      dpeg_arrival_three_smaller_balls, layout_basic,
          chequers_serial_rivers_room_b
D:2:      layout_loops_ring, lemuel_old_faithful

Skill      XL: |  1  2 |
---------------+-------+-----
Transmutations | 2 |  2.2
Fighting       | |  1.5
Dodging        | |  2.1
Unarmed Combat | |  3.9
Spellcasting   | |  2.0

Action                   || total
-------------------------++-------
Melee: Unarmed           ||    42
       Kick              ||     7
       Headbutt          ||     3
       Peck              ||     5
 Cast: Beastly Appendage ||     8
Armor: Robe              ||    11
Dodge: Dodged            ||    25

Table legend: (Time is in decaauts)
 A = Elapsed time spent in this place.
 B = Non-inter-level travel time spent in this place.
 C = Inter-level travel time spent in this place.
 D = Time resting spent in this place.
 E = Time spent auto-exploring this place.
 F = Levels seen in this place.
 G = Mean time per level.
                   A        B        C        D        E       F      G
               +--------+--------+--------+--------+--------+-----+--------+
         Total |   1090 |   1079 |     11 |      0 |    964 |   2 |  545.0 |
       Dungeon |   1090 |   1079 |     11 |      0 |    964 |   2 |  545.0 |
               +--------+--------+--------+--------+--------+-----+--------+

Top non-repeatable levels by time:
     D:1: 1084 daAuts
     D:2: 5 daAuts
